 Dungeon Crawl Stone Soup version 0.30.1-11-g7821555f0a (webtiles) character file.

Game seed: 9119267598911629987

4563 jagang the Protected (level 10, -13/80 HPs)
             Began as a Barachi Monk on Oct 27, 2023.
             Was an Elder of Okawaru.
             Mangled by a skeletal warrior
             ... wielding a +0 war axe
              (15 damage)
             ... on level 8 of the Dungeon.
             The game lasted 00:25:22 (7432 turns).

jagang the Protected (Barachi Monk)                 Turns: 7432, Time: 00:25:22

Health: -13/80     AC: 18    Str: 18    XL:     10   Next: 40%
Magic:  11/11      EV:  9    Int: 11    God:    Okawaru [****..]
Gold:   385        SH:  0    Dex: 19    Spells: 9/9 levels left

rFire   . . .        K - +0 scimitar
rCold   . . .        F - +0 buckler
rNeg    . . .        h - +0 plate armour
rPois   .            b - +0 helmet
rElec   .            (no cloak)
rCorr   .            n - +0 pair of gloves
SInv    .            B - +0 pair of boots
Will    .....        C - amulet of regeneration Stlth
                     D - +6 ring of strength
HPRegen 1.13/turn    (no ring)
MPRegen 0.12/turn

%: no passive effects
@: confused, about to teleport, ambrosia-drunk, unable to hop, slow
A: amphibious, slowness 1, strong legs 1, +LOS
a: Hop, Renounce Religion, Heroism, Finesse


You were on level 8 of the Dungeon.
You worshipped Okawaru.
Okawaru was greatly pleased with you.
You visited 2 branches of the dungeon, and saw 9 of its levels.

You collected 385 gold pieces.

Inventory:

Hand Weapons
 K - a +0 scimitar (weapon)
Missiles
 g - 3 curare-tipped darts
 p - 14 poisoned darts (quivered)
Armour
 b - a +0 helmet (worn)
 d - an orb of light
 h - a +0 plate armour (worn)
 n - a +0 pair of gloves (worn)
 B - a +0 pair of boots (worn)
 F - a +0 buckler (worn)
Jewellery
 f - an amulet of faith
 C - an amulet of regeneration (around neck)
 D - a +6 ring of strength (left hand)
Wands
 w - a wand of charming (13)
Scrolls
 e - 2 scrolls of enchant weapon {unknown}
 l - 2 scrolls of immolation {unknown}
 m - a scroll of teleportation
 o - a scroll of fog
 r - 4 scrolls of blinking {unknown}
 t - a scroll of fear
 v - 3 scrolls of poison {unknown}
 x - a scroll of silence
 y - 4 scrolls of brand weapon {unknown}
 A - a scroll of amnesia {unknown}
 G - 2 scrolls of magic mapping {unknown}
 I - a scroll of noise {unknown}
 J - a scroll of enchant armour {unknown}
Potions
 i - 2 potions of lignification {unknown}
 j - 3 potions of curing {unknown}
 k - 3 potions of heal wounds {unknown}
 q - a potion of cancellation {unknown}
 s - 2 potions of degeneration {unknown}
 u - 3 potions of flight {unknown}
 z - a potion of invisibility {unknown}
 E - a potion of attraction {unknown}
 H - a potion of haste {unknown}


   Skills:
 + Level 7.8 Fighting
 + Level 7.9 Long Blades
 - Level 6.6 Throwing
 + Level 9.2 Armour
 + Level 7.0 Dodging
 * Level 3.4 Shields
 + Level 1.8 Invocations


You had 9 spell levels left.
You didn't know any spells.
Your spell library contained the following spells:

 Spells                   Type           Power      Damage    Failure   Level
 Apportation              Tloc           0%         N/A       100%        1
 Beastly Appendage        Tmut           0%         N/A       100%        1
 Necrotise                Necr           0%         1d4       100%        1
 Ensorcelled Hibernation  Hex/Ice        0%         N/A       100%        2
 Wereblood                Tmut           0%         N/A       100%        2
 Dazzling Flash           Conj/Hex       0%         N/A       100%        3
 Hailstorm                Conj/Ice       0%         3d3       100%        3
 Spider Form              Tmut/Pois      0%         N/A       100%        3
 Volatile Blastmotes      Fire/Tloc      0%         2d10      100%        3
 Anguish                  Hex/Necr       0%         N/A       100%        4
 Ice Form                 Ice/Tmut       0%         N/A       100%        4
 Iskenderun's Mystic Bla  Conj/Tloc      0%         2d3       100%        4
 Starburst                Conj/Fire      0%         6d3       100%        6
 Summon Small Mammal      Summ           Unusable   N/A       N/A         1
 Simulacrum               Ice/Necr       Unusable   N/A       N/A         6

Dungeon Overview and Level Annotations

Branches:
Dungeon (8/15)             Temple (1/1) D:5
   Lair: D:8-11

Altars:
Cheibriados
Dithmenos
Elyvilon
Fedhas
Gozag
Hepliaklqana
Kikubaaqudgha
Makhleb
Okawaru
Qazlal
Ru
Sif Muna
Trog
Uskayaw
Vehumet
Wu Jian
Xom
Yredelemnul
Zin

Annotations:
D:4 2 transporters, Jadoobi's ghost, amateur GrHu


Innate Abilities, Weirdness & Mutations

You are amphibious.
You cover ground slowly.
You can hop short distances.
You have an extended range of vision and can be seen from far away.


Message History

The skeletal warrior is moderately damaged.
The skeletal warrior hits you but does no damage.
An orc wizard comes into view.
It is wielding a +0 dagger and wearing a +2 robe of willpower.
The gnoll sergeant barely misses you.
You hit the skeletal warrior but do no damage.
The skeletal warrior is moderately damaged.
You slash the skeletal warrior!
The skeletal warrior is moderately damaged.
The skeletal warrior hits you with a +0 war axe!
You block the gnoll sergeant's attack.
The howler monkey hoots and howls with incredible vigour!
You hear a shout!
You hit the skeletal warrior but do no damage.
The skeletal warrior is moderately damaged.
You hit the skeletal warrior but do no damage.
The skeletal warrior is moderately damaged.
The skeletal warrior hits you with a +0 war axe!
* * * LOW HITPOINT WARNING * * *
The gnoll sergeant barely misses you.
An orc comes into view. It is wielding a +0 short sword.
You hit the skeletal warrior but do no damage.
The skeletal warrior is moderately damaged.
The skeletal warrior hits you with a +0 war axe!
* * * LOW HITPOINT WARNING * * *
The gnoll sergeant hits you but does no damage.
Hop to where?
Press: ? - help, Dir - move target Boing!
As you read the scroll of teleportation, it crumbles to dust.
You feel strangely unstable.
The skeletal warrior attacks as you move away!
The skeletal warrior completely misses you.
Your hands slow down.
You are confused.
You feel invigorated.
The skeletal warrior hits you with a +0 war axe!
* * * LOW HITPOINT WARNING * * *
The skeletal warrior attacks as you move away!
The skeletal warrior hits you with a +0 war axe!
You die...

....#####)..##...##...#
...<.......##.....#####
.......###.#.......#
...##### #.#.......# ...#
##.#.......# ####
#..##..K.K# ..#
#..###...#†yh..# #.####
#..####z##Kgf..8#
..(..####.#[.##.@##(.....#
#.........#...##..#((.o..#
#.##.#######...##.##8.....
..##.# ##......##...o'
..##.# ##......##'###
####.# #.......#(.# .....#
#.......#?.# ######
#.......#..# ##.....#####


You could see a skeletal warrior and a kobold brigand.

Vanquished Creatures
  A centaur warrior (D:8)
  Grinder (D:4)
  A yak (D:8)
  A steam dragon (D:8)
  A human (D:4)
  A water moccasin (D:7)
  3 black bears
  An orc warrior (D:8)
  2 sky beasts
  5 ogres
  A centaur (D:5)
  A phantom (D:4)
  2 kobold brigands
  3 bullfrogs (D:8)
  A gnoll sergeant (D:6)
  4 scorpions
  A wight (D:8)
  5 killer bees (D:7)
  3 howler monkeys (D:8)
  6 hounds
  5 orc priests
  4 jellies
  3 sleepcaps
  Jessica (D:2)
  6 iguanas
  2 orc wizards
  17 gnolls
  7 adders
  2 shadow imps
  3 white imps (D:5)
  An ufetubus (D:6)
  2 worms (D:2)
  4 dart slugs
  23 orcs
  6 ball pythons
  7 endoplasms
  A giant cockroach (D:4)
  6 goblins
  4 hobgoblins
  10 kobolds
  4 quokkas
  4 bats
  4 rats
170 creatures vanquished.

Vanquished Creatures (others)
  A ball python (D:4)
1 creature vanquished.

Grand Total: 171 creatures vanquished

Notes
Turn   | Place    | Note
-------+----------+-------------------------------------------
     0 | D:1      | jagang the Barachi Monk began the quest for the Orb.
     0 | D:1      | Reached XP level 1. HP: 18/18 MP: 1/1
   160 | D:1      | Reached skill level 1 in Armour
   176 | D:1      | Reached XP level 2. HP: 25/25 MP: 2/2
   433 | D:2      | Noticed Jessica
   440 | D:2      | Killed Jessica
   441 | D:2      | Reached skill level 2 in Armour
   441 | D:2      | Reached XP level 3. HP: 9/30 MP: 3/3
   795 | D:2      | Reached XP level 4. HP: 32/37 MP: 4/4
  1457 | D:3      | Reached skill level 3 in Armour
  1561 | D:3      | Found a faded altar of an unknown god.
  1642 | D:3      | Reached XP level 5. HP: 43/43 MP: 5/5
  1828 | D:3      | Reached skill level 1 in Throwing
  2158 | D:4      | Noticed a human
  2158 | D:4      | Found a runed translucent door.
  2168 | D:4      | Found a basalt altar of Yredelemnul.
  2189 | D:4      | Reached XP level 6. HP: 32/49 MP: 6/6
  2205 | D:4      | Killed a human
  2206 | D:4      | Reached skill level 4 in Armour
  2318 | D:4      | Noticed Grinder
  2329 | D:4      | Paralysed by Grinder for 3 turns
  2341 | D:4      | Paralysed by Grinder for 3 turns
  2355 | D:4      | Paralysed by Grinder for 4 turns
  2367 | D:4      | Killed Grinder
  2368 | D:4      | Reached skill level 5 in Fighting
  2368 | D:4      | Reached skill level 5 in Long Blades
  2368 | D:4      | Reached XP level 7. HP: 26/56 MP: 7/7
  2494 | D:4      | Reached skill level 5 in Armour
  2827 | D:4      | Found a transporter.
  2832 | D:4      | Found a transporter.
  2832 | D:4      | Noticed Jadoobi's ghost (amateur GrHu)
  3020 | D:4      | Found a sacrificial altar of Ru.
  3020 | D:4      | Found a hide-covered altar of Uskayaw.
  3020 | D:4      | Found a white marble altar of Elyvilon.
  3165 | D:5      | Entered Level 5 of the Dungeon
  3178 | D:5      | Reached skill level 5 in Dodging
  3302 | D:5      | Found a staircase to the Ecumenical Temple.
  3313 | Temple   | Entered the Ecumenical Temple
  3320 | Temple   | Reached XP level 8. HP: 20/63 MP: 8/8
  3616 | Temple   | Became a worshipper of Warmaster Okawaru
  3616 | Temple   | Reached * piety under Okawaru
  3616 | Temple   | Reached ** piety under Okawaru
  3912 | D:5      | Reached skill level 6 in Armour
  4843 | D:6      | Reached skill level 5 in Throwing
  4851 | D:6      | Reached skill level 7 in Armour
  5020 | D:6      | Reached XP level 9. HP: 41/71 MP: 9/9
  5137 | D:6      | Found a blossoming altar of Fedhas.
  5248 | D:6      | Reached *** piety under Okawaru
  6217 | D:7      | Reached skill level 8 in Armour
  6863 | D:8      | Found a runed translucent door.
  6944 | D:8      | Reached **** piety under Okawaru
  7119 | D:8      | Reached skill level 1 in Shields
  7119 | D:8      | Reached XP level 10. HP: 52/79 MP: 10/10
  7213 | D:8      | Reached skill level 9 in Armour
  7213 | D:8      | Reached skill level 1 in Invocations
  7280 | D:8      | Noticed a centaur warrior
  7351 | D:8      | Killed a centaur warrior
  7397 | D:8      | Noticed a skeletal warrior
  7431 | D:8      | HP: 2/80 [skeletal warrior/+0 war axe (15)]
  7432 | D:8      | Mangled by a skeletal warrior

Illustrated notes

Levels and vault maps discovered:
D:1:      spicycebolla_arrival_clurvy, layout_basic
D:2:      layout_basic, uniq_jessica
D:3:      layout_loops_ring, basic_ecumenical_altar, minmay_distorted
D:4:      layout_rooms, dk_yredelemnul_ordeal,
          gammafunk_temple_overflow_forgotten, gammafunk_ghost_mausoleum,
          grunt_ministairs_12, uniq_grinder
D:5:      minmay_diamond_boxcup, layout_cave_pools,
          minmay_temple_entry_drinking_statues, columned_hall_lemuel,
          chequers_serial_rivers_micro_c
D:6:      layout_basic, mainiacjoe_overflow_cross_hatched, minmay_hedge_maze,
          nicolae_benzene_ring, mrwooster_statue_mirror,
          nicolae_underground_beach
D:7:      layout_loops_ring, minmay_misc_feat_columns, grunt_ministairs_3
D:8:      cheibrodos_histonic, layout_loops_cross
Temple:   nicolae_temple_superstar

Skill      XL: |  1  2  3  4  5  6  7  8  9 10 |
---------------+-------------------------------+-----
Armour         | 1 2 3 4 5 7 8 9 |  9.2
Fighting       | 4 5 6 7 |  7.8
Long Blades    | 4 5 6 7 |  7.9
Dodging        | 4 5 6 7 |  7.0
Throwing       | 1 2 3 5 6 |  6.6
Shields        | 1 3 |  3.4
Invocations    | 1 |  1.8

Action                     |  1- 3 |  4- 6 |  7- 9 | 10-12 || total
---------------------------+-------+-------+-------+-------++-------
  Melee: Falchion          |    61 |   103 |   463 |    70 ||   697
         Scimitar          |       |       |       |    50 ||    50
  Throw: Dart              |       |    17 |    74 |    13 ||   104
         Throwing net      |       |     1 |       |       ||     1
 Invoke: Heroism           |       |       |     2 |     3 ||     5
         Finesse           |       |       |       |     1 ||     1
Ability: Hop               |       |     2 |     7 |     3 ||    12
    Use: Scroll            |       |       |     4 |     1 ||     5
         Potion            |       |       |       |     1 ||     1
 Armour: Robe              |     3 |       |       |       ||     3
         Plate armour      |    13 |    81 |   338 |    74 ||   506
  Dodge: Dodged            |    22 |    25 |   140 |    53 ||   240
  Block: Buckler           |       |       |     6 |    20 ||    26
